Map: Alcyone LE

Players

PtitDrogo - Winner!

  • Race: Protoss Protoss
  • Spawn Location: 1:00

HolyHit

  • Race: Protoss Protoss
  • Spawn Location: 7:00

Event: HomeStory Cup XXV

VOD

Have the link to the VOD?

Description

Time

  • Played on: June 22, 2024, 1 p.m.
  • Length: 10:01

All games in this series

Show
View Real Time Build Order
Export as new Build Order

PtitDrogo Protoss - Winner!

Build Orders: Phoenix Opening, Blink Stalkers 

Get SALT Encoding   

  12  0:00  Probe  
  13  0:12  Probe  
  14  0:17  Pylon  
  14  0:24  Probe (Chrono Boost)  
  15  0:36  Gateway, Probe (Chrono Boost)  
  16  0:44  Probe (Chrono Boost)  
  16  0:45  Assimilator  
  17  0:51  Probe  
  17  0:53  Assimilator  
  18  1:03  Probe (Chrono Boost)  
  19  1:09  Gateway  
  20  1:12  Probe (Chrono Boost)  
  20  1:17  Probe (Chrono Boost)  
  20  1:23  Cybernetics Core  
  21  1:29  Probe  
  22  1:35  Pylon  
  22  1:41  Probe  
  23  1:53  Probe  
  24  2:00  Stalker  
  24  2:01  Warp Gate  
  28  2:05  Probe  
  28  2:08  Sentry  
  27  2:14  Pylon  
  29  2:18  Probe  
  30  2:26  Pylon  
  30  2:33  Probe  
  31  2:44  Cybernetics Core  
  31  2:45  Phoenix  
  31  2:55  Nexus  
  31  2:59  Probe  
  31  3:07  Twilight Council  
  31  3:12  Probe  
  32  3:16  Sentry x2  
  36  3:21  Pylon  
  36  3:24  Probe  
  37  3:29  Blink (Chrono Boost)  
  37  3:36  Probe  
  38  3:48  Stalker, Probe  
  40  3:49  Stalker  
  43  4:02  Probe (Chrono Boost)  
  44  4:08  Probe (Chrono Boost)  
  45  4:13  Stalker  
  45  4:15  Stalker  
  51  4:18  Probe x2 (Chrono Boost)  
  51  4:23  Probe (Chrono Boost)  
  51  4:25  Probe  
  53  4:36  Stalker  
  55  4:39  Stalker  
  55  4:40  Probe  
  56  4:45  Probe  
  56  4:52  Probe  
  58  4:55  Nexus  
  58  4:56  Pylon  
  58  5:07  Probe  
  59  5:10  Stalker  
  61  5:14  Pylon  
  61  5:17  Stalker, Probe  
  61  5:20  Forge  
  64  5:33  Probe  
  63  5:38  Probe  
  63  5:41  Stalker x2  
  64  5:45  Probe  
  65  5:52  Probe  
  65  5:59  Photon Cannon x2  
  65  6:01  Photon Cannon  
  65  6:02  Probe  
  55  6:05  Photon Cannon  
  55  6:09  Probe x2  
  57  6:13  Photon Cannon  
  53  6:20  Stalker x2  
  55  6:39  Robotics Facility  
  55  6:44  Probe x2 (Chrono Boost)  
  57  6:52  Probe (Chrono Boost)  
  59  6:55  Probe (Chrono Boost)  
  59  6:56  Probe (Chrono Boost)  
  59  6:59  Pylon  
  59  7:00  Probe x2 (Chrono Boost)  
  60  7:02  Probe (Chrono Boost)  
  62  7:12  Probe  
  61  7:18  Probe  
  61  7:21  Stalker x2  
  66  7:24  Probe  
  66  7:25  Probe  
  66  7:27  Observer (Chrono Boost)  
  69  7:30  Probe  
  69  7:37  Probe x2  
  71  7:40  Observer (Chrono Boost)  
  71  7:42  Probe  
  74  7:48  Stalker  
  74  7:49  Probe  
  77  8:04  Pylon, Protoss Ground Weapons Level 1 (Chrono Boost)  
  77  8:07  Pylon  
  77  8:22  Probe x3  
  80  8:29  Stalker x2  
  80  8:32  Gateway  
  84  8:34  Gateway, Probe x3, Immortal (Chrono Boost)  
  84  8:35  Gateway  
  84  8:36  Gateway  
  91  8:43  Shield Battery  
  91  8:44  Pylon  
  91  8:46  Probe x2  
  91  8:47  Photon Cannon  
  93  8:56  Probe  
  93  8:58  Probe  
  93  9:00  Shield Battery  
  93  9:03  Stalker x2  
  93  9:06  Shield Battery  
  93  9:08  Probe  
  93  9:09  Pylon  
  98  9:12  Pylon  
  98  9:27  Pylon, Photon Cannon  
  98  9:32  Stalker x4  
  98  9:34  Zealot x2  
Show
View Real Time Build Order
Export as new Build Order

HolyHit Protoss 

Build Orders:  

Get SALT Encoding   

  12  0:00  Probe  
  13  0:12  Probe  
  14  0:17  Pylon  
  14  0:24  Probe (Chrono Boost)  
  15  0:36  Probe (Chrono Boost)  
  15  0:37  Gateway  
  16  0:45  Probe (Chrono Boost)  
  16  0:46  Assimilator  
  17  0:51  Probe  
  17  0:54  Assimilator  
  18  1:03  Probe (Chrono Boost)  
  19  1:08  Gateway  
  19  1:12  Probe (Chrono Boost)  
  19  1:17  Probe (Chrono Boost)  
  20  1:24  Cybernetics Core  
  21  1:29  Probe  
  22  1:36  Pylon  
  22  1:41  Probe  
  23  1:54  Probe  
  24  2:01  Stalker, Sentry  
  24  2:02  Warp Gate  
  28  2:10  Probe  
  28  2:13  Pylon  
  33  2:38  Sentry x2  
  32  2:49  Shield Battery  
  32  2:56  Probe  
  33  3:03  Stalker x2  
  37  3:10  Pylon  
  37  3:12  Probe (Chrono Boost)  
  38  3:17  Robotics Facility  
  38  3:23  Probe (Chrono Boost)  
  39  3:29  Nexus, Probe (Chrono Boost)  
  40  3:42  Twilight Council  
  40  3:44  Probe  
  41  3:56  Probe  
  41  4:01  Adept  
  41  4:02  Adept  
  46  4:08  Probe  
  47  4:19  Pylon  
  47  4:21  Dark Shrine  
  47  4:30  Probe  
  46  4:33  Warp Prism (Chrono Boost)  
  46  4:42  Probe (Chrono Boost)  
  46  4:50  Sentry, Probe (Chrono Boost)  
  49  4:53  Probe (Chrono Boost)  
  49  4:56  Stalker  
  49  4:58  Probe (Chrono Boost)  
  49  4:59  Probe (Chrono Boost)  
  53  5:09  Probe  
  53  5:11  Probe  
  53  5:12  Immortal  
  59  5:18  Assimilator  
  59  5:20  Assimilator  
  59  5:21  Probe  
  59  5:23  Probe  
  59  5:24  Pylon  
  59  5:27  Stalker  
  59  5:41  Dark Templar  
  59  5:42  Probe  
  55  5:47  Probe  
  48  5:50  Dark Templar  
  48  5:54  Probe  
  44  5:59  Probe  
  44  6:06  Probe  
  45  6:12  Probe  
  45  6:14  Dark Templar  
  45  6:18  Probe  
  49  6:24  Probe  
  48  6:26  Warp Prism (Chrono Boost)  
  48  6:30  Probe  
  51  6:36  Probe  
  51  6:39  Stalker  
  54  6:42  Probe  
  53  6:48  Probe  
  53  6:52  Nexus, Immortal (Chrono Boost)  
  53  6:53  Pylon  
  58  6:57  Blink (Chrono Boost), Probe  
  59  7:03  Probe  
  60  7:09  Probe  
  61  7:15  Probe  
  61  7:21  Gateway  
  62  7:23  Shield Battery, Immortal  
  62  7:29  Dark Templar x2  
  70  7:35  Probe  
  71  7:37  Probe  
  72  7:45  Gateway  
  72  7:48  Probe  
  69  7:57  Probe  
  70  8:01  Gateway, Stalker x2  
  70  8:04  Immortal (Chrono Boost)  
  78  8:15  Gateway  
  78  8:16  Dark Templar  
  77  8:27  Stalker x2, Archon  
  77  8:30  Probe (Chrono Boost)  
  77  8:31  Forge  
  84  8:35  Probe (Chrono Boost)  
  84  8:38  Probe (Chrono Boost)  
  84  8:47  Dark Templar  
  86  8:48  Dark Templar  
  88  8:58  Stalker x3  
  94  9:04  Probe  
  95  9:20  Stalker x2  
  95  9:21  Stalker  
  101  9:25  Pylon  
  101  9:27  Pylon  
  101  9:31  Observer  
  98  9:37  Stalker  
  98  9:38  Stalker  
  98  9:48  Stalker x4  
Tags
 
Add a new tag
Caveats
  • Supply blocks, unpowered buildings, or Contaminate may cause inaccurate times.
  • Supply counts are checked every 10 seconds.